 Dungeon Crawl Stone Soup version 0.19.0-24-gb05acd6 (webtiles) character file.

343 Millan the Shield-Bearer (level 6, -2/49 HPs)
             Began as a Formicid Fighter on Nov 22, 2016.
             Slain by a scorpion (7 damage)
             ... on level 4 of the Dungeon.
             The game lasted 00:07:57 (3619 turns).

Millan the Shield-Bearer (Formicid Fighter)         Turns: 3619, Time: 00:08:00

Health: -2/49      AC: 13    Str: 23    XL:     6   Next: 88%
Magic:  6/6        EV:  7    Int:  7    God:
Gold:   259        SH: 10    Dex: 10    Spells: 0 memorised, 5 levels left

rFire  . . .     SeeInvis +     a - +0 long sword
rCold  . . .     Gourm    .     l - +3 chain mail
rNeg   . . .     Faith    .     c - +0 shield
rPois  .         Spirit   .     (helmet unavailable)
rElec  .         Reflect  .     u - +0 cloak
rCorr  .         Harm     .     (no gloves)
MR     .....                    (no boots)
Stlth  ..........               (no amulet)
                                (no ring)
                                t - ring of flight

@: lethally poisoned (-2 -> -16)
A: permanent stasis, dig shafts and tunnels, four strong arms, antennae 3
a: Dig, Shaft Self, Evoke Flight


You were on level 4 of the Dungeon.
You were not hungry.

You visited 1 branch of the dungeon, and saw 4 of its levels.

You collected 259 gold pieces.

Inventory:

Hand Weapons
 a - a +0 long sword (weapon)
Armour
 c - a +0 shield (worn)
 l - a +3 chain mail (worn)
 u - a +0 cloak (worn)
 x - a +0 plate armour
Jewellery
 t - a ring of flight (left hand)
Scrolls
 e - 4 scrolls of identify {unknown}
 g - a scroll of recharging {unknown}
 i - a scroll of enchant weapon {unknown}
 k - 2 scrolls of remove curse {unknown}
 m - 2 scrolls of amnesia {unknown}
 o - a scroll of noise {unknown}
 p - a scroll of magic mapping {unknown}
Potions
 d - 2 potions of might
 h - 2 potions of agility {unknown}
 j - 2 potions of curing {unknown}
 n - a potion of resistance {unknown}
 s - a potion of magic {unknown}
 v - a potion of lignification {unknown}
Comestibles
 b - a slice of pizza
 f - 4 bread rations
 q - 4 fruits
 r - 2 chunks of flesh
 w - a meat ration


   Skills:
 + Level 4.4 Fighting
 + Level 3.3 Long Blades
 + Level 4.6 Armour
 * Level 6.1 Shields


You had 5 spell levels left.
You didn't know any spells.

Dungeon Overview and Level Annotations

Branches:
Dungeon (4/15)
 Temple: D:4-7

Altars:
Qazlal


Innate Abilities, Weirdness & Mutations

You are under a permanent stasis effect.
You can dig through walls and to a lower floor.
Your four strong arms can wield two-handed weapons with a shield.
You have a pair of large antennae on your head. (SInv)


Message History

You barely miss the phantom.
The phantom is moderately damaged.
The ogre closely misses you. The phantom hits you.
The phantom blinks!
The scorpion stings you.
You are poisoned.
The scorpion poisons you!
You barely miss the phantom.
The phantom is moderately damaged.
You feel sick. You block the ogre's attack. You block the phantom's attack.
The scorpion stings you.
You are lethally poisoned!
The scorpion poisons you!
You slash the phantom!
The phantom is heavily damaged.
* * * LOW HITPOINT WARNING * * *
You feel sick.
The phantom blinks!
You block the scorpion's attack. The ogre hits you with a giant club!
* * * LOW HITPOINT WARNING * * *
The scorpion stings you!
You die...

### .. .. .# ##
.# ###.#[##.. ###
#
###§##...#.#.##.#
##.###.# #§@s..#
..#.##.###
###......#
#.#O.##
##........#
.##...#####.
#W#..#
#..........
............
#.#..#
#.#..##.#.#
###...######
#.#...
#..>.#....# ##.##
####.####.
#........ #.#
#.......###
#.##....# #.#
#.##.##.#
#.###.#.# ####.#
#.##.##.# #.#
#.#.#


You could see a phantom, an ogre and a scorpion.

Vanquished Creatures
  A hound (D:4)
  An iguana (D:3)
  2 worker ants (D:4)
  An orc wizard (D:4)
  3 gnolls (D:3)
  7 adders
  A shadow imp (D:4)
  8 worms
  A dart slug (D:2)
  4 orcs
  3 ball pythons
  3 giant cockroaches
  6 goblins
  8 hobgoblins
  3 jackals (D:2)
  13 kobolds
  3 quokkas
  6 bats
  7 frilled lizards
  6 rats
87 creatures vanquished.

Notes
Turn   | Place    | Note
-------+----------+-------------------------------------------
     0 | D:1      | Millan the Formicid Fighter began the quest for the Orb.
     0 | D:1      | Reached XP level 1. HP: 18/18 MP: 1/1
    65 | D:1      | Reached XP level 2. HP: 16/24 MP: 2/2
    71 | D:1      | Reached skill level 4 in Shields
   702 | D:2      | Reached XP level 3. HP: 18/29 MP: 3/3
   879 | D:2      | Found a stormy altar of Qazlal.
  1298 | D:2      | Reached XP level 4. HP: 36/37 MP: 4/4
  2174 | D:3      | Reached skill level 5 in Shields
  2174 | D:3      | Reached XP level 5. HP: 25/42 MP: 5/5
  2902 | D:3      | Reached XP level 6. HP: 41/48 MP: 6/6
  3487 | D:4      | Reached skill level 6 in Shields
  3611 | D:4      | Noticed an ogre
  3611 | D:4      | Noticed a phantom
  3619 | D:4      | Slain by a scorpion

Skill      XL: |  1  2  3  4  5  6 |
---------------+-------------------+-----
Shields        | 4 5 6 |  6.1
Fighting       | 4 |  4.4
Armour         | 4 |  4.6
Long Blades    | 3 |  3.3

Action                   |  1- 3 |  4- 6 || total
-------------------------+-------+-------++-------
Melee: Long sword        |   108 |   257 ||   365
 Abil: Dig               |       |     4 ||     4
  Eat: Chunk             |     1 |     9 ||    10
Armor: Scale mail        |    27 |       ||    27
       Chain mail        |    13 |   113 ||   126
Dodge: Dodged            |    33 |    67 ||   100
Block: Shield            |    59 |   143 ||   202
       Rpst.: Long sword |     7 |    25 ||    32
